 Dungeon Crawl Stone Soup version 0.26-a0-649-gf8c6c3aab7 (webtiles) character file.

Game seed: 8755881976043771966

333 oldriver the Cudgeler (level 6, -6/39 HPs)
             Began as a Gargoyle Fighter on Sept 26, 2020.
             Was a Follower of Qazlal.
             Mangled by an ice beast (11 damage)
             ... on level 4 of the Dungeon.
             The game lasted 00:02:31 (3547 turns).

oldriver the Cudgeler (Gargoyle Fighter)            Turns: 3547, Time: 00:02:31

Health: -6/39      AC: 12    Str: 19    XL:     6   Next: 52%
Magic:  6/6        EV:  7    Int:  9    God:    Qazlal [*.....]
Gold:   144        SH: 11    Dex: 11    Spells: 5/5 levels left

rFire    . . .     SeeInvis .   a - +0 flail
rCold    . . .     Faith    .   c - +0 kite shield
rNeg     + . .     Spirit   .   b - +0 scale mail
rPois    ∞         Reflect  .   (no helmet)
rElec    +         Harm     .   (no cloak)
rCorr    .         Rampage  .   (no gloves)
MR       .....                  u - +0 pair of boots (curse)
Stlth    ..........             r - amulet of magic regeneration
HPRegen  0.13/turn              (no ring)
MPRegen  0.35/turn              (no ring)

@: brilliant, stab
A: negative energy resistance 1, electricity resistance, unbreathing,
petrification resistance, rot immunity, AC +4
a: Renounce Religion


You were on level 4 of the Dungeon.
You worshipped Qazlal.
Qazlal was aware of your devotion.
You visited 1 branch of the dungeon, and saw 5 of its levels.

You collected 144 gold pieces.

Inventory:

Hand Weapons
 a - a +0 flail (weapon)
Armour
 b - a +0 scale mail (worn)
 c - a +0 kite shield (worn)
 u - a cursed +0 pair of boots (worn)
Jewellery
 r - an amulet of magic regeneration (around neck)
Wands
 o - a wand of digging (10)
Scrolls
 g - 3 scrolls of fear {unknown}
 h - 2 scrolls of teleportation {unknown}
 i - 9 scrolls of identify {unknown}
 m - a scroll of noise {unknown}
 n - 3 scrolls of amnesia {unknown}
 p - 3 scrolls of remove curse {unknown}
 q - 2 scrolls of magic mapping {unknown}
 s - a scroll of enchant armour {unknown}
Potions
 d - a potion of might
 e - a potion of haste {unknown}
 f - a potion of invisibility {unknown}
 k - a potion of berserk rage {unknown}
 l - a potion of stabbing
 t - a potion of curing {unknown}
 v - a potion of heal wounds {unknown}


   Skills:
 * Level 4.4 Fighting
 * Level 5.0 Maces & Flails
 + Level 4.0 Armour
 + Level 1.0 Dodging
 + Level 0.1 Stealth
 + Level 4.0 Shields


You had 5 spell levels left.
You didn't know any spells.
Your spell library was empty.

Dungeon Overview and Level Annotations

Branches:
Dungeon (5/15)
 Temple: D:4-7

Altars:
Qazlal


Innate Abilities, Weirdness & Mutations

You are resistant to torment.
Your stone body is resilient. (AC +4)
You are immune to poison.
You resist negative energy. (rN+)
You are resistant to electric shocks. (rElec)
You can survive without breathing.
You are immune to petrification.
You are immune to rotting.


Message History

The gnoll hits you from afar with a +0 halberd.
The ice beast hits you. The ice beast freezes you.
* * * LOW HITPOINT WARNING * * *
The gnoll hits you but does no damage.
The ice beast hits you but does no damage.
You climb upwards.
There is a stone staircase leading down here.
Okay, then.
It was a potion of stabbing.
You feel ready to backstab. You block the ice beast's attack.
You barely miss the ice beast.
The ice beast is severely wounded.
The ice beast barely misses you.
It was a potion of brilliance.
You feel clever all of a sudden. The ice beast hits you.
* * * LOW HITPOINT WARNING * * *
The ice beast freezes you!
You die...

#.....##...### #.
#.......).########## ######(
#...>.###..........########......
#.....# ##########...>...##.#####
#.....# #........#####....##...
#.....# #........# ###.....##
####### #........# ###.......
#........# ##.....##..
#.....@..####...######.
#....Y.○...............
#........#....#####..##
#........#.##.### #.##
#....<......#...###.#
#......<.#..###..##.#
########....# ##.##.#
#......##.####..(.#
##.#######..(.###..#


You could see an ice beast.

Vanquished Creatures
  A howler monkey (D:4)
  A hound (D:4)
  2 orc wizards (D:3)
  A worker ant (D:4)
  3 gnolls (D:2)
  4 adders
  2 oozes
  An adder skeleton (D:4)
  A worm (D:2)
  3 dart slugs
  4 leopard geckos
  4 orcs
  6 giant cockroaches
  15 goblins
  9 hobgoblins
  10 jackals
  4 kobolds
  3 quokkas
  A ball python (D:2)
  9 bats
  2 frilled lizards
  A leopard gecko skeleton (D:4)
  A leopard gecko zombie (D:2)
  2 quokka skeletons (D:4)
  7 rats
97 creatures vanquished.

Notes
Turn   | Place    | Note
-------+----------+-------------------------------------------
     0 | D:1      | oldriver the Gargoyle Fighter began the quest for the Orb.
     0 | D:1      | Reached XP level 1. HP: 14/14 MP: 1/1
   191 | D:1      | Reached XP level 2. HP: 16/19 MP: 2/2
   377 | D:1      | Reached XP level 3. HP: 24/24 MP: 3/3
  1044 | D:2      | Reached skill level 3 in Maces & Flails
  1044 | D:2      | Reached XP level 4. HP: 26/29 MP: 4/4
  2044 | D:3      | Reached XP level 5. HP: 33/33 MP: 5/5
  2312 | D:3      | Found a stormy altar of Qazlal.
  2317 | D:3      | Noticed an air elemental
  2317 | D:3      | Noticed a fire elemental
  2317 | D:3      | Noticed a water elemental
  2344 | D:3      | Became a worshipper of Qazlal Stormbringer
  2594 | D:3      | Reached skill level 4 in Maces & Flails
  2949 | D:4      | Reached XP level 6. HP: 30/38 MP: 6/6
  3086 | D:4      | Reached skill level 1 in Dodging
  3346 | D:4      | Reached skill level 5 in Maces & Flails
  3438 | D:4      | Reached * piety under Qazlal
  3538 | D:5      | Entered Level 5 of the Dungeon
  3538 | D:5      | Noticed an ice beast
  3547 | D:4      | Mangled by an ice beast

Illustrated notes

Levels and vault maps discovered:
D:1:      onia_arrival_pentagram, layout_basic, st_stairs_14, interstate_on_off,
          minmay_misc_feat_tiny, minmay_tree_intersection
D:2:      layout_basic, minmay_unequal
D:3:      kb_forest_paths, layout_basic, grunt_ministairs_15,
          nicolae_qazlal_style_of_elements, uniq_natasha
D:4:      kennysheep_the_goblin_king, layout_rooms
D:5:      lemuel_insect_pit, layout_loops_cross, grunt_temple_overflow_open,
          minmay_fractal_squares_5

Skill      XL: |  1  2  3  4  5  6 |
---------------+-------------------+-----
Maces & Flails | 3 4 5 |  5.0
Fighting       | 4 |  4.4
Armour         | 4 |  4.0
Dodging        | 1 |  1.0
Shields        | 4 |  4.0
Stealth        | |  0.1

Action                   |  1- 3 |  4- 6 || total
-------------------------+-------+-------++-------
Melee: Flail             |   119 |   236 ||   355
  Use: Potion            |       |     2 ||     2
Armor: Scale mail        |    66 |   140 ||   206
Dodge: Dodged            |    40 |    90 ||   130
Block: Kite shield       |    69 |   128 ||   197

Table legend: (Time is in decaauts)
 A = Elapsed time spent in this place.
 B = Non-inter-level travel time spent in this place.
 C = Inter-level travel time spent in this place.
 D = Time resting spent in this place.
 E = Time spent auto-exploring this place.
 F = Levels seen in this place.
 G = Mean time per level.
                   A        B        C        D        E       F      G
               +--------+--------+--------+--------+--------+-----+--------+
         Total |   3659 |   3514 |    145 |    471 |   2317 |   5 |  731.8 |
       Dungeon |   3659 |   3514 |    145 |    471 |   2317 |   5 |  731.8 |
               +--------+--------+--------+--------+--------+-----+--------+

Top non-repeatable levels by time:
     D:2: 1268 daAuts
     D:3: 874 daAuts
     D:1: 784 daAuts
     D:4: 724 daAuts
     D:5: 6 daAuts
